 Dungeon Sprint DCSS version 0.28-a0-124-g73ec313a74 (webtiles) character file.

Game seed: 1762829564503318908

441 senseless the Basher (level 6, -10/71 HPs)
             Began as a Troll Berserker on Aug 14, 2021.
             Was a Believer of Trog.
             Mangled by Sonja (13 damage)
             ... in the Dungeon (Sprint I: "Red Sonja").
             The game lasted 00:01:23 (415 turns).

senseless the Basher (Troll Berserker)               Turns: 415, Time: 00:01:24

Health: -10/71     AC:  4    Str: 28    XL:     6   Next: 71%
Magic:  5/5        EV: 11    Int:  3    God:    Trog [**....]
Gold:   297        SH:  0    Dex:  9    Spells: 5/5 levels left

rFire   . . .      SeeInvis .   j - +0 giant spiked club
rCold   . . .      Faith    .   (shield currently unavailable)
rNeg    . . .      Spirit   .   b - +0 animal skin
rPois   .          Reflect  .   (helmet restricted)
rElec   .          Harm     .   (no cloak)
rCorr   .          Rampage  .   (gloves unavailable)
Will    .....      NoTele   +   (boots unavailable)
Stlth   +.........              (no amulet)
HPRegen 1.21/turn               (no ring)
MPRegen 0.09/turn               (no ring)

@: lethally poisoned (-10 -> -11), on berserk cooldown, slowed, very slow
A: large, unfitting armour, claws 3, regeneration 1, shaggy fur 1, tough skin 1
a: Renounce Religion, Berserk, Trog's Hand


You were in the Dungeon.
You worshipped Trog.
Trog was pleased with you.
You visited 1 branch You collected 297 gold pieces.

Inventory:

Hand Weapons
 a - a +0 mace
 j - a +0 giant spiked club (weapon)
Armour
 b - a +0 animal skin (worn)
Wands
 i - a wand of polymorph (7)
Scrolls
 h - a scroll of blinking
Potions
 c - a potion of curing
 d - a potion of heal wounds
 e - a potion of haste
 f - 2 potions of magic
 g - a potion of berserk rage


   Skills:
 + Level 7.4 Fighting
 + Level 8.7 Maces & Flails
 + Level 6.9 Dodging


You had 5 spell levels left.
You didn't know any spells.
Your spell library was empty.

Dungeon Overview and Level Annotations

Branches:
Dungeon (1/1)

Altars:
Cheibriados
Dithmenos
Elyvilon
Fedhas
Gozag
Hepliaklqana
Kikubaaqudgha
Nemelex Xobeh
Okawaru
Qazlal
Ru
Sif Muna
Trog
Uskayaw
Vehumet
Wu Jian
Yredelemnul
Zin
The Shining One

Shops:
D (

Annotations:
D Sonja


Innate Abilities, Weirdness & Mutations

You are too large for most types of armour.
You have claws for hands.
Your natural rate of healing is unusually fast.
You are covered in fur. (AC +1)
You have tough skin. (AC +1)


Message History

Space bends around you.
Sonja hits you with a +1 short sword of distortion!
Space bends around you.
You miss Sonja.
You are no longer berserk.
You are exhausted.
You feel yourself slow down.
Sonja mumbles some strange words.
Sonja blinks!
Sonja says, "I'm academy-trained, you know."
Sonja casts a spell.
Sonja blinks!
Sonja casts a spell.
Sonja blinks!
Sonja throws a curare-tipped dart.
The curare-tipped dart hits you.
You are poisoned.
You have difficulty breathing.
You feel as though you will be slow longer.
You feel very sick.
Sonja mumbles some strange words.
Sonja blinks!
You feel very sick.
Sonja says, "Someone hired me to kill you, but I'm not supposed to say who."
Sonja zaps a wand.
The puff of flame hits you!
Sonja zaps a wand.
The puff of flame hits you!
* * * LOW HITPOINT WARNING * * *
There is a shimmering blue altar of Sif Muna here.
You completely miss Sonja.
You feel very sick.
Sonja zaps a wand.
The puff of flame hits you.
* * * LOW HITPOINT WARNING * * *
Sonja misses you. Sonja closely misses you.
Sonja hits you with a +1 short sword of distortion.
* * * LOW HITPOINT WARNING * * *
Space bends around you.
* * * LOW HITPOINT WARNING * * *
Sonja hits you with a +1 short sword of distortion!
* * * LOW HITPOINT WARNING * * *
Space warps horribly around you!
You die...

################
#<.#..'..#..'..#
#..)..#..').#..+
#..#####'#####'#
#..####..#...#[#
#..#__####..##)#
#..#_____##'#K.+
#⌠⌠#_.∩...†...@#
####_..__##_.#+#
#_____###'#
####### #.# $.$
$.$# ##.## #+#


You could see Sonja.

Vanquished Creatures
  Sigmund (D)
  A yak (D)
  An ogre (D)
  A jelly (D)
  Ijyb (D)
5 creatures vanquished.

Notes
Turn   | Place    | Note
-------+----------+-------------------------------------------
     0 | D        | senseless the Troll Berserker began the quest for the Orb.
     0 | D        | Reached XP level 1. HP: 22/22 MP: 0/0
     1 | D        | Noticed Ijyb
    12 | D        | Killed Ijyb
    13 | D        | Reached skill level 3 in Maces & Flails
    13 | D        | Reached XP level 2. HP: 32/32 MP: 1/1
    53 | D        | Noticed an ogre
    58 | D        | HP: 2/48 [ogre (16)]
    59 | D        | Killed an ogre
    60 | D        | Reached skill level 5 in Fighting
    60 | D        | Reached skill level 5 in Maces & Flails
    60 | D        | Reached skill level 5 in Dodging
    60 | D        | Reached XP level 3. HP: 4/42 MP: 2/2
    60 | D        | Reached XP level 4. HP: 4/50 MP: 3/3
   116 | D        | Noticed Sigmund
   120 | D        | Killed Sigmund
   120 | D        | Reached ** piety under Trog
   121 | D        | Reached skill level 7 in Maces & Flails
   121 | D        | Reached XP level 5. HP: 61/61 MP: 4/4
   121 | D        | Reached XP level 6. HP: 68/68 MP: 5/5
   172 | D        | Found an ornate altar of the Wu Jian Council.
   172 | D        | Found a shimmering blue altar of Sif Muna.
   174 | D        | Found a radiant altar of Vehumet.
   235 | D        | Found Caruha Aneme's Antique Weapon Emporium.
   235 | D        | Found an ancient bone altar of Kikubaaqudgha.
   235 | D        | Found a hazy altar of Hepliaklqana.
   235 | D        | Found a hide-covered altar of Uskayaw.
   235 | D        | Found a basalt altar of Yredelemnul.
   235 | D        | Found an opulent altar of Gozag.
   235 | D        | Found a snail-covered altar of Cheibriados.
   235 | D        | Found a sacrificial altar of Ru.
   235 | D        | Found a shadowy altar of Dithmenos.
   235 | D        | Noticed a yak
   240 | D        | Killed a yak
   241 | D        | Reached skill level 8 in Maces & Flails
   241 | D        | Found a stormy altar of Qazlal.
   241 | D        | Found a blossoming altar of Fedhas.
   241 | D        | Found a bloodstained altar of Trog.
   241 | D        | Found an iron altar of Okawaru.
   241 | D        | Found a glowing golden altar of the Shining One.
   241 | D        | Found a glowing silver altar of Zin.
   241 | D        | Found a white marble altar of Elyvilon.
   242 | D        | Found a sparkling altar of Nemelex Xobeh.
   404 | D        | Noticed Sonja
   415 | D        | HP: 3/71 [Sonja (10)]
   415 | D        | Mangled by Sonja

Illustrated notes

Levels and vault maps discovered:
D:        dungeon_sprint_1 [red_sonja_temple_1, red_sonja_temple_small_1]

Skill      XL: |  1  2  3  4  5  6 |
---------------+-------------------+-----
Fighting       | 3 5 6 7 |  7.4
Maces & Flails | 3 5 7 8 |  8.7
Dodging        | 3 5 6 |  6.9

Action                   |  1- 3 |  4- 6 || total
-------------------------+-------+-------++-------
Melee: Mace              |    15 |       ||    15
       Giant spiked club |       |    12 ||    12
Invok: Berserk           |     2 |     4 ||     6
Armor: Animal skin       |       |     2 ||     2
Dodge: Dodged            |     2 |     9 ||    11

Table legend: (Time is in decaauts)
 A = Elapsed time spent in this place.
 B = Non-inter-level travel time spent in this place.
 C = Inter-level travel time spent in this place.
 D = Time resting spent in this place.
 E = Time spent auto-exploring this place.
 F = Levels seen in this place.
 G = Mean time per level.
                   A        B        C        D        E       F      G
               +--------+--------+--------+--------+--------+-----+--------+
         Total |    471 |    471 |      0 |    363 |     47 |   1 |  471.0 |
       Dungeon |    471 |    471 |      0 |    363 |     47 |   1 |  471.0 |
               +--------+--------+--------+--------+--------+-----+--------+

Top non-repeatable levels by time:
       D: 471 daAuts
